Map: Nightshade LE

Players

Deiwos

  • Race: Zerg Zerg
  • Spawn Location: 5:00

VOD

Have the link to the VOD?

Description

Time

  • Played on: Dec. 26, 2019, 7:40 p.m.
  • Length: 20:37
Show
View Real Time Build Order
Export as new Build Order

Deiwos Zerg 

Build Orders:  

Get SALT Encoding   

  12  0:02  Drone  
  13  0:45  Hatchery  
  13  0:49  Drone  
  13  1:02  Drone  
  13  1:08  Overlord  
  14  1:34  Spawning Pool  
  14  1:36  Drone  
  14  1:41  Drone  
  14  1:47  Drone  
  16  2:03  Drone  
  17  2:13  Drone  
  18  2:24  Extractor  
  17  2:32  Drone  
  18  2:45  Queen  
  18  2:47  Queen  
  22  2:54  Drone x2  
  24  3:00  Drone  
  24  3:03  Drone x2  
  27  3:12  Overlord  
  27  3:30  Drone  
  27  3:31  Extractor  
  27  3:49  Drone x3  
  30  3:54  Drone  
  31  4:01  Overlord  
  31  4:22  Drone x2  
  31  4:27  Zergling x4  
  35  4:37  Roach Warren  
  34  5:03  Evolution Chamber  
  33  5:10  Zergling x6  
  33  5:11  Zergling x10  
  41  5:21  Queen  
  43  5:31  Metabolic Boost  
  43  5:43  Overlord  
  43  5:44  Overlord x3  
  43  5:49  Lair  
  43  6:10  Roach  
  43  6:11  Roach x6  
  57  6:20  Zerg Melee Weapons Level 1  
  57  6:31  Drone  
  57  6:32  Drone x2  
  60  7:04  Extractor  
  60  7:06  Extractor  
  58  7:10  Glial Reconstitution  
  58  7:23  Drone  
  58  7:24  Drone x9  
  68  7:40  Hydralisk Den  
  67  8:01  Drone x3  
  67  8:05  Drone  
  71  8:14  Overlord  
  71  8:15  Overlord  
  71  8:35  Drone  
  71  8:36  Drone x2  
  74  8:41  Drone  
  75  9:00  Tunneling Claws  
  75  9:02  Roach  
  75  9:03  Roach x4  
  85  9:12  Hydralisk  
  85  9:13  Hydralisk x2  
  85  9:16  Overlord  
  91  9:26  Infestation Pit  
  90  9:36  Spire  
  89  9:43  Spore Crawler  
  89  9:46  Overlord x3  
  89  9:47  Overlord  
  88  9:56  Roach  
  88  9:57  Roach x5  
  100  10:21  Overlord  
  100  10:22  Overlord x3  
  100  10:29  Zerg Ground Armor Level 1  
  100  11:04  Drone  
  100  11:05  Drone x7  
  108  11:35  Extractor  
  108  11:37  Hatchery, Hive  
  106  11:42  Extractor  
  106  11:45  Hydralisk  
  106  11:46  Hydralisk x4  
  115  12:19  Unknown  
  115  12:37  Drone  
  116  12:43  Drone  
  116  12:44  Drone x4  
  121  13:09  Zerg Missile Weapons Level 1  
  121  13:13  Greater Spire  
  88  13:42  Mutalisk  
  88  13:43  Mutalisk x8  
  88  13:44  Mutalisk  
  89  13:59  Unknown  
  77  14:09  Mutalisk  
  77  14:10  Mutalisk  
  57  14:57  Zerg Flyer Weapons Level 1  
  57  15:27  Hatchery  
  56  15:39  Mutalisk  
  58  15:40  Mutalisk x4  
  58  15:48  Zerg Melee Weapons Level 2  
  66  15:54  Queen  
  68  16:38  Zergling x2  
  68  16:39  Zergling x8  
  73  16:44  Queen  
  75  17:04  Drone x2  
  75  17:05  Drone x3  
  80  17:26  Queen  
  82  17:37  Zerg Flyer Armor Level 1  
  82  17:56  Corruptor x5  
  82  17:57  Corruptor x5  
  102  18:16  Queen  
  104  18:35  Extractor  
  103  18:48  Brood Lord x2  
  103  18:49  Brood Lord  
  109  18:55  Drone  
  109  18:56  Drone x8  
  109  18:57  Drone x6  
  124  19:05  Brood Lord  
  126  19:41  Brood Lord x2  
  126  19:45  Extractor  
Tags
 
Add a new tag
Caveats
  • Supply blocks, unpowered buildings, or Contaminate may cause inaccurate times.
  • Supply counts are checked every 10 seconds.